 Dungeon Crawl Stone Soup version 0.26.1-11-gd32895ea62 (webtiles) character file.

Game seed: 9048068728815635446

861 Ijustatesigmund the Chopper (level 8, 0/82 HPs)
             Began as an Octopode Fighter on July 1, 2021.
             Was an Initiate of Cheibriados.
             Slain by an orc warrior
             ... wielding a +0 battleaxe
              (8 damage)
             ... on level 7 of the Dungeon.
             The game lasted 00:07:10 (6107 turns).

Ijustatesigmund the Chopper (Octopode Fighter)      Turns: 6107, Time: 00:07:11

Health: 0/82       AC: 24    Str: 16    XL:     8   Next: 2%
Magic:  9/9        EV:  2    Int: 13    God:    Cheibriados [......]
Gold:   299        SH:  9    Dex: 13    Spells: 7/7 levels left

rFire    . . .     SeeInvis +   a - +0 war axe
rCold    + . .     Faith    .   b - +0 kite shield
rNeg     + + +     Spirit   .   (helmet currently unavailable)
rPois    +         Reflect  .   (no amulet)
rElec    .         Harm     .   m - ring of willpower
rCorr    .         Rampage  .   f - ring of protection from cold
Will     +....     NoTele   +   w - ring of see invisible
Stlth    ++........             (no ring)
HPRegen  0.23/turn              (no ring)
MPRegen  0.11/turn              (no ring)
                                (no ring)
                                (no ring)

@: tree-form, very slow
A: almost no armour, stealthy swim, (amphibious), 8 rings, (constrict 8)
a: Renounce Religion, Bend Time


You were on level 7 of the Dungeon.
You worshipped Cheibriados.
Cheibriados was noncommittal.
You were a tree.
You visited 2 branches of the dungeon, and saw 8 of its levels.

You collected 299 gold pieces.

Inventory:

Hand Weapons
 a - a +0 war axe (weapon)
 l - a +0 flail of holy wrath
 q - a +6 club
Armour
 b - a +0 kite shield (worn)
Jewellery
 f - a ring of protection from cold (right branch)
 m - a ring of willpower (left branch)
 s - an uncursed ring of ice
 w - a ring of see invisible (on tentacle)
Wands
 k - a wand of iceblast (7)
 p - a wand of digging (5)
Scrolls
 e - 5 scrolls of remove curse
 n - a scroll of immolation
 r - a scroll of teleportation
 v - a scroll of enchant armour {unknown}
Potions
 c - 3 potions of might
 d - a potion of invisibility
 g - a potion of cancellation
 i - a potion of curing {unknown}
 j - a potion of brilliance
 o - a potion of attraction {unknown}
 t - a potion of resistance {unknown}
 u - a potion of berserk rage {unknown}


   Skills:
 + Level 5.2 Fighting
 + Level 5.4 Axes
 - Level 4.0 Dodging
 - Level 3.0 Stealth
 - Level 4.0 Shields
 + Level 2.4 Invocations
 - Level 2.1 Evocations


You had 7 spell levels left.
You didn't know any spells.
Your spell library was empty.

Dungeon Overview and Level Annotations

Branches:
Dungeon (7/15)             Temple (1/1) D:5

Altars:
Ashenzari
Cheibriados
Dithmenos
Elyvilon
Fedhas
Gozag
Hepliaklqana
Makhleb
Nemelex Xobeh
Okawaru
Qazlal
Ru
Sif Muna
Trog
Uskayaw
Vehumet
Wu Jian
Xom
Yredelemnul
Zin
The Shining One

Shops:
D:4 (


Innate Abilities, Weirdness & Mutations

You cannot wear most types of armour.
You are very stealthy in the water. (Stealth+)
((You are amphibious.))
You can wear up to eight rings at the same time.
((You can use your tentacles to constrict eight enemies at once.))
((Your skin changes colour to match your surroundings (Stealth+).))
((Your rubbery body absorbs attacks. (AC +1, EV +1)))


Message History

You closely miss the orc warrior.
The orc warrior is moderately wounded.
You slash the worker ant!
You kill the worker ant!
Cheibriados appreciates the change of pace.
You block the orc warrior's attack.
You hit the orc warrior but do no damage.
The orc warrior is moderately wounded.
The orc warrior barely misses you.
Your shield prevents you from hitting the orc warrior.
The orc warrior is moderately wounded.
The orc warrior barely misses you.
You barely miss the orc warrior.
The orc warrior is moderately wounded.
The orc warrior hits you with a +0 battleaxe!
* * * LOW HITPOINT WARNING * * *
You hit the orc warrior but do no damage.
The orc warrior is moderately wounded.
The orc warrior hits you with a +0 battleaxe!
You die...

####
#♣†#
#o##
#..
..##
...
.#.#
)..#
#####


You could see an orc warrior.

Vanquished Creatures
  An orc warrior (D:6)
  An ogre (D:6)
  A bullfrog (D:5)
  2 howler monkeys
  2 hounds
  A jelly (D:5)
  2 orc wizards
  2 bullfrog skeletons
  An orc priest (D:3)
  2 centaur skeletons (D:5)
  Ijyb (D:3)
  2 worker ants
  A hound skeleton (D:4)
  3 adders
  An ufetubus (D:5)
  An adder skeleton (D:5)
  6 worms
  3 dart slugs
  4 leopard geckos
  8 orcs
  6 bats
  5 giant cockroaches
  9 goblins
  8 hobgoblins
  13 jackals
  6 quokkas
  A ball python (D:1)
  9 frilled lizards
  A jackal skeleton (D:5)
  7 kobolds
  4 rats
114 creatures vanquished.

Vanquished Creatures (others)
  10 plants (D:4)
10 creatures vanquished.

Grand Total: 124 creatures vanquished

Notes
Turn   | Place    | Note
-------+----------+-------------------------------------------
     0 | D:1      | Ijustatesigmund the Octopode Fighter began the quest for
                  | the Orb.
     0 | D:1      | Reached XP level 1. HP: 16/16 MP: 1/1
    92 | D:1      | Reached XP level 2. HP: 21/21 MP: 2/2
   292 | D:1      | Found a shimmering altar of Xom.
   294 | D:1      | Found a hazy altar of Hepliaklqana.
   294 | D:1      | Found a shadowy altar of Dithmenos.
   296 | D:1      | Found a shimmering altar of Xom.
   296 | D:1      | Found a broken altar of Ashenzari.
   296 | D:1      | Found a glowing golden altar of the Shining One.
   491 | D:1      | Reached XP level 3. HP: 19/26 MP: 3/3
  1028 | D:2      | Found a shadowy altar of Dithmenos.
  1029 | D:2      | Found a white marble altar of Elyvilon.
  1029 | D:2      | Found an ornate altar of the Wu Jian Council.
  1854 | D:2      | Reached XP level 4. HP: 31/31 MP: 4/4
  1900 | D:2      | Found a blossoming altar of Fedhas.
  2580 | D:3      | Reached XP level 5. HP: 27/36 MP: 5/5
  2842 | D:3      | Noticed Ijyb
  2848 | D:3      | Killed Ijyb
  3244 | D:3      | Found a blossoming altar of Fedhas.
  3450 | D:4      | Found a shimmering blue altar of Sif Muna.
  3681 | D:4      | Reached XP level 6. HP: 43/43 MP: 6/6
  3751 | D:4      | Found Gasas's Weapon Shop.
  3872 | D:4      | Reached skill level 1 in Stealth
  4239 | D:5      | Entered Level 5 of the Dungeon
  4288 | D:5      | Reached skill level 1 in Evocations
  4544 | D:5      | Reached XP level 7. HP: 44/49 MP: 7/7
  4852 | D:5      | Found a staircase to the Ecumenical Temple.
  4865 | Temple   | Entered the Ecumenical Temple
  5056 | Temple   | Became a worshipper of Cheibriados the Contemplative
  5270 | D:5      | Found a bloodstained altar of Trog.
  5275 | D:5      | Reached skill level 1 in Invocations
  5500 | D:6      | HP: 2/73 [ogre/cursed -1 giant club (5)]
  5503 | D:6      | Reached skill level 5 in Fighting
  5503 | D:6      | Reached skill level 5 in Axes
  5834 | D:6      | Reached XP level 8. HP: 12/55 MP: 9/9
  6107 | D:7      | Slain by an orc warrior

Illustrated notes

Levels and vault maps discovered:
D:1:      amcnicky_arrival_feature_with_door, layout_loops_corners,
          doesnt_xom_only_xom
D:2:      layout_basic, grunt_temple_overflow_open, marbit_many_paths
D:3:      layout_loops_ring, fedhas_altar_4, uniq_ijyb
D:4:      wad_lake_hut, layout_cave_pools, nicolae_overflow_crystal_walls,
          serial_shops, nicolae_shop_waterfront
D:5:      layout_basic, lightli_temple_of_fire, minmay_temple_entry_trees,
          nicolae_sextant
D:6:      layout_rooms
D:7:      layout_basic, serial_shops, kennysheep_mini,
          gammafunk_ghost_mausoleum, basic_altar, lemuel_old_faithful
Temple:   regret_index_temple_waves

Skill      XL: |  1  2  3  4  5  6  7 |
---------------+----------------------+-----
Axes           | 3 4 5 |  5.4
Fighting       | 4 5 |  5.2
Dodging        | 4 |  4.0
Shields        | 4 |  4.0
Stealth        | 2 3 |  3.0
Evocations     | 1 2 |  2.1
Invocations    | 2 |  2.4

Action                   |  1- 3 |  4- 6 |  7- 9 || total
-------------------------+-------+-------+-------++-------
Melee: War axe           |    69 |   117 |    52 ||   238
       Constrict         |    15 |    29 |     8 ||    52
       Tentacles         |     8 |    13 |    10 ||    31
  Use: Scroll            |     7 |     2 |       ||     9
       Potion            |       |     1 |     2 ||     3
 Stab: Sleeping          |    12 |     9 |     3 ||    24
Armor: Skin              |     3 |     3 |     5 ||    11
Dodge: Dodged            |    33 |    58 |    24 ||   115
Block: Kite shield       |    21 |    54 |    17 ||    92
